 Dungeon Crawl Stone Soup version 0.17.0-23-g0de4337 (webtiles) character file.

382 xeno23 the Gusty (level 6, -6/33 HPs)
             Began as a Tengu Air Elementalist on Nov 14, 2015.
             Mangled by an orc warrior
             ... wielding a +0 mace
              (23 damage)
             ... on level 4 of the Dungeon.
             The game lasted 00:16:13 (3550 turns).

xeno23 the Gusty (Tengu Air Elementalist)           Turns: 3550, Time: 00:16:13

Health: -6/33      AC:  6    Str:  8    XL:     6   Next: 76%
Magic:  8/12       EV: 14    Int: 21    God:
Gold:   115        SH:  0    Dex: 15    Spells: 3 memorised, 6 levels left

rFire  . . .     SeeInvis .     m - -3 dagger (curse)
rCold  . . .     Clarity  .     a - +0 robe
rNeg   . . .     SustAt   .     (no shield)
rPois  .         Gourm    .     (helmet restricted)
rElec  .         Spirit   .     s - +0 cloak
rCorr  .         Warding  .     e - +2 pair of gloves
rMut   .         Stasis   .     (boots unavailable)
MR     .....                    (no amulet)
Stlth  +.........               v - ring of loudness (curse)
                                j - +4 ring of intelligence

@: repel missiles, not resistant to hostile enchantments, very unstealthy
A: beak, talons 3, able to fly 1
a: Fly


You were on level 4 of the Dungeon.
You were not hungry.

You visited 1 branch of the dungeon, and saw 5 of its levels.

You collected 115 gold pieces.

Inventory:

Hand Weapons
 m - a cursed -3 dagger (weapon)
Armour
 a - a +0 robe (worn)
 e - a +2 pair of gloves (worn)
 s - a +0 cloak (worn)
Jewellery
 j - a +4 ring of intelligence (left hand)
 l - an uncursed ring of protection from cold {unknown}
 v - a cursed ring of loudness (right hand)
Scrolls
 k - a scroll of identify
Potions
 d - a potion of cancellation {unknown}
 f - a potion of brilliance {unknown}
 h - a potion of curing {unknown}
 n - 3 potions of heal wounds {unknown}
 o - a potion of ambrosia {unknown}
 p - a potion of mutation {unknown}
Books
 b - a book of Air

   Spells                             Type                      Level
   a - Shock                          Conjuration/Air              1
   b - Swiftness                      Charms/Air                   2
   c - Repel Missiles                 Charms/Air                   2
   d - Static Discharge               Conjuration/Air              3
   e - Lightning Bolt                 Conjuration/Air              5
Comestibles
 c - a bread ration
 g - a chunk of flesh
 i - a meat ration
 q - a beef jerky
 t - a slice of pizza


   Skills:
 + Level 0.8 Fighting
 + Level 3.7 Dodging
 + Level 2.7 Stealth
 + Level 3.7 Spellcasting
 + Level 4.1 Conjurations
 + Level 0.2 Charms
 + Level 5.7 Air Magic


You had 6 spell levels left.
You knew the following spells:

 Your Spells              Type           Power        Failure   Level  Hunger
a - Shock                 Conj/Air       ###.         1%          1    None
q - Static Discharge      Conj/Air       ###.....     6%          3    ###....
r - Repel Missiles        Chrm/Air       ###...       8%          2    ##.....


Dungeon Overview and Level Annotations

Branches:
Dungeon (5/15)
 Temple: D:4-7

Altars:
Qazlal
Trog
The Shining One


Innate Abilities, Weirdness & Mutations

You have a beak for a mouth.
You have claws for feet.
You can fly.


Message History

Aiming: Shock
Press: ? - help, Shift-Dir - straight line, f/p - orc warrior
Aim: an orc warrior, wielding a mace and wearing a chain mail (heavily wounded)
The zap hits the orc warrior.
The orc warrior is heavily wounded.
The zap hits the orc warrior.
The orc warrior appears unharmed.
The orc warrior is heavily wounded.
Casting: Shock
Confirm with . or Enter, or press ? or * to list all spells.
Aiming: Shock
Press: ? - help, Shift-Dir - straight line, f/p - orc warrior
Aim: an orc warrior, wielding a mace and wearing a chain mail (heavily wounded)
The zap misses the orc warrior.
The zap hits the orc warrior.
The orc warrior is severely wounded.
The orc warrior hits you with a mace!
Ouch! That really hurt!
You take 17 damage.
The orc warrior hits you with a mace!!
Ouch! That really hurt!
You die...

###...........##....
# #...........#...#+#
.
#...........#.....###
.) #.......# ..#
#.......# #.......#
#.......# ##...>..#
#.@.....# #o#######
#.# #.# #.# #.#
#......# ......###
.....#


You could see an orc warrior.

Vanquished Creatures
  A centaur zombie (D:5)
  A gnoll shaman (D:5)
  An iguana (D:4)
  Ijyb (D:2)
  Terence (D:2)
  2 worker ants
  6 gnolls (D:5)
  4 adders
  3 oozes
  An adder zombie (D:5)
  2 worms (D:2)
  2 giant geckos
  3 orcs
  13 bats
  4 giant cockroaches
  14 goblins
  5 hobgoblins
  6 jackals
  2 ball pythons
  A ball python skeleton (D:4)
  2 giant newts
  3 kobolds
  A quokka skeleton (D:5)
  9 rats
  2 plants (D:5)
90 creatures vanquished.

Notes
Turn   | Place    | Note
--------------------------------------------------------------
     0 | D:1      | xeno23 the Tengu Air Elementalist began the quest for the Orb.
     0 | D:1      | Reached XP level 1. HP: 10/10 MP: 4/4
   162 | D:1      | Reached XP level 2. HP: 12/15 MP: 1/6
   958 | D:2      | Found a glowing golden altar of the Shining One.
  1118 | D:2      | Reached XP level 3. HP: 12/19 MP: 0/7
  1126 | D:2      | Learned a level 3 spell: Static Discharge
  1129 | D:2      | Learned a level 2 spell: Repel Missiles
  1531 | D:2      | Noticed Terence
  1586 | D:2      | Reached XP level 4. HP: 16/24 MP: 4/8
  1633 | D:2      | Killed Terence
  1702 | D:2      | Noticed Ijyb
  1771 | D:2      | Killed Ijyb
  1771 | D:2      | Gained mutation: You can fly. [Tengu growth]
  1771 | D:2      | Reached XP level 5. HP: 11/28 MP: 0/10
  2064 | D:2      | Found a faded altar to an unknown god.
  2390 | D:3      | Found a stormy altar of Qazlal.
  2804 | D:3      | Reached skill level 5 in Air Magic
  2875 | D:3      | Found a bloodstained altar of Trog.
  3067 | D:4      | Reached XP level 6. HP: 29/33 MP: 2/11
  3144 | D:5      | Entered Level 5 of the Dungeon
  3540 | D:4      | Noticed an orc warrior
  3550 | D:4      | Mangled by an orc warrior

Action                   |  1- 3 |  4- 6 || total
-------------------------+-------+-------++-------
Melee: Unarmed           |    26 |       ||    26
       Dagger            |    23 |    60 ||    83
 Cast: Shock             |    76 |   133 ||   209
       Repel Missiles    |     1 |       ||     1
 Abil: Fly               |       |     1 ||     1
  Use: Scroll            |       |     6 ||     6
  Eat: Chunk             |     3 |     7 ||    10
